 Dungeon Crawl Stone Soup version 0.31-a0-728-g01b46875f1 (webtiles) character file.

Game seed: 2187462216851417532

18 Turgor the Changeling (level 2, 0/22 HPs)
             Began as a Barachi Shapeshifter on Sept 8, 2023.
             Succumbed to an adder's poison
             ... on level 2 of the Dungeon on Sept 11, 2023.
             The game lasted 00:04:26 (775 turns).

Turgor the Changeling (Barachi Shapeshifter)         Turns: 775, Time: 00:04:27

Health: 0/22       AC:  2    Str: 11 (14) XL:     2   Next: 70%
Magic:  2/2        EV: 12    Int: 12 (14) God:
Gold:   50         SH:  0    Dex:  9 (10) Spells: 1/1 levels left

rFire   . .          .
                       - Unarmed
rCold   . . .        (no shield)
rNeg    . . .        a - +0 animal skin
rPois   .            (helmet currently unavailable)
rElec   .            (cloak currently unavailable)
rCorr   .            (gloves currently unavailable)
SInv    .            (boots currently unavailable)
Will    .....        (no amulet)
Stlth   +            (no ring)
HPRegen 0.23/turn    (no ring)
MPRegen 0.08/turn

%: no passive effects
@: brilliant, lethally poisoned (0 -> -5), beast-form, slow
A: beast (slay +2), amphibious, slowness 1, strong legs 1, +LOS, clever 1
a: Hop, Begin Untransformation


You were on level 2 of the Dungeon.
You were a hulking beast.
You visited 1 branch of the dungeon, and saw 2 of its levels.

You collected 50 gold pieces.

Inventory:

Armour
 a - a +0 animal skin (worn)
 g - a +1 pair of gloves
Talismans
 c - a beast talisman (active)
 d - a flux talisman
Scrolls
 h - a scroll of brand weapon {unknown}
Potions
 b - a potion of lignification


   Skills:
 + Level 1.7 Fighting
 + Level 2.5 Dodging
 + Level 3.5 Unarmed Combat
 * Level 3.6 Shapeshifting


You had one spell level left.
You didn't know any spells.
Your spell library was empty.

Dungeon Overview and Level Annotations

Branches:
Dungeon (2/15)

Altars:

Shops:
D:1 [


Innate Abilities, Weirdness & Mutations

You are a hulking beast.
Your limbs bulge with bestial killing power. (Slay +2)
You are amphibious.
You cover ground slowly.
You can hop short distances.
You have an extended range of vision and can be seen from far away.
Your mind is acute. (Int +4, Str/Dex -1)


Message History

The hobgoblin is heavily wounded.
The hobgoblin barely misses you.
You hit the hobgoblin.
You kill the hobgoblin!
You closely miss the adder. The adder closely misses you.
You miss the adder. The adder bites you.
You are poisoned.
The adder poisons you!
You barely miss the adder. Your punch misses the adder.
You feel sick. The adder misses you. The adder bites you.
You closely miss the adder.
You feel sick. The adder bites you.
You closely miss the adder.
You feel sick. The adder bites you.
You barely miss the adder. The adder bites you.
You are more poisoned.
The adder poisons you!
You closely miss the adder.
You feel sick. The adder closely misses you. The adder bites you.
* * * LOW HITPOINT WARNING * * *
You are lethally poisoned!
The adder poisons you!
It was a potion of brilliance.
You feel clever all of a sudden.
* * * LOW HITPOINT WARNING * * *
You feel sick. The adder barely misses you.
It was a potion of degeneration.
There was something very wrong with that liquid.
You feel weakened.
You feel dopey.
You feel clumsy.
* * * LOW HITPOINT WARNING * * *
You feel sick. The adder bites you but does no damage.
It was a potion of mutation.
You feel extremely strange.
You feel clumsy.
You feel agile.
You feel clever.
* * * LOW HITPOINT WARNING * * *
You feel sick. The adder bites you but does no damage.
The adder closely misses you.
Okay, then.
Unknown command.
Unknown command.
You hit the adder.
The adder is lightly wounded.
You die...

#. . .)### .#
#...##.# ## #.#....
.. ..... . ... ~.
#)# ~≈S #<## ~≈~~
#h†# ≈~~~~
###.####S#####..~~~.
......b..†......~~~♣
..######........~~~.
#.####...~≈≈≈ #.#
..~≈≈≈ ..# ~~≈≈~
#... b.S. ##.. .~.


You could see an adder.

Vanquished Creatures
  An endoplasm (D:1)
  A goblin (D:2)
  4 hobgoblins
  4 ball pythons
  4 bats
  2 frilled lizards (D:1)
  3 kobolds
19 creatures vanquished.

Notes
Turn   | Place    | Note
-------+----------+-------------------------------------------
     0 | D:1      | Turgor the Barachi Shapeshifter began the quest for the
                  | Orb.
     0 | D:1      | Reached XP level 1. HP: 15/15 MP: 1/1
    30 | D:1      | Upgraded the game from 0.31-a0-702-gf82c85558f to
                  | 0.31-a0-728-g01b46875f1
   254 | D:1      | Noticed an animated storm dragon scales
   255 | D:1      | Found Libuo's Armour Boutique.
   258 | D:1      | Noticed an animated storm dragon scales
   381 | D:1      | Reached XP level 2. HP: 21/21 MP: 2/2
   774 | D:2      | Gained mutation: You are clumsy. (Dex -2) [potion of
                  | mutation]
   774 | D:2      | Lost mutation: You are clumsy. (Dex -2) [potion of
                  | mutation]
   774 | D:2      | Gained mutation: Your mind is acute. (Int +4, Str/Dex -1)
                  | [potion of mutation]
   774 | D:2      | HP: 1/22 [poisoned by an adder]
   775 | D:2      | Succumbed to an adder's poison

Illustrated notes

Levels and vault maps discovered:
D:1:      saegor_arrival_simple_a, layout_basic, serial_shops,
          nicolae_shop_mannequins
D:2:      layout_rooms, chequers_ecumenical_altar_island

Action                     || total
---------------------------++-------
  Melee: Unarmed           ||    56
    Use: Potion            ||     3
 Armour: Animal skin       ||    27
  Dodge: Dodged            ||    35

Table legend: (Time is in decaauts)
 A = Elapsed time spent in this place.
 B = Non-inter-level travel time spent in this place.
 C = Inter-level travel time spent in this place.
 D = Time resting spent in this place.
 E = Time spent auto-exploring this place.
 F = Levels seen in this place.
 G = Mean time per level.
                   A        B        C        D        E       F      G
               +--------+--------+--------+--------+--------+-----+--------+
         Total |    890 |    823 |     67 |      0 |    682 |   2 |  445.0 |
       Dungeon |    890 |    823 |     67 |      0 |    682 |   2 |  445.0 |
               +--------+--------+--------+--------+--------+-----+--------+

Top non-repeatable levels by time:
     D:1: 847 daAuts
     D:2: 43 daAuts
